AoeStats
← Table_Rase

Glade

510535393Analyzed
1v1 RM · 2d ago on Oct 1, 2026· 17m 53s· 2 players
Game mode
Random Map
Map size
Tiny (2 player)
Population
200
Speed
Normal
Resources
Standard
Victory
Conquest
Starting age
Dark Age
Ending age
Imperial Age
RankedLock teamsTeams togetherTeam positionsShared explorationLock speedFull tech treeHidden civsTurbo modeCheats
Victory
Defeat
🇦🇷 Portuguese · Argentina
1600
+15
🇫🇷 Tatars · France
1574
-15
Table_Rase
2:23 Loom
12:08 Feudal Age
13:21 Man-at-Arms
15:22 Double-Bit Axe
Tebini Koppini
4:44 Loom
12:15 Feudal Age
15:09 Wheelbarrow
16:37 Castle Age
15:55 Fletching
Connection lost

Rejoining the realm…

Still unreachable

The connection could not be restored.

Session expired

The server has moved on; the page needs a fresh start.